 Dungeon Crawl Stone Soup version 0.23.0-28-g6fe0f4d (webtiles) character file.

Game seed: 0

156 Gadfly the Chiller (level 5, -5/29 HPs)
             Began as a Deep Elf Ice Elementalist on Feb 26, 2019.
             Killed by divine providence
             ... invoked by an orc priest
              (13 damage)
             ... on level 3 of the Dungeon.
             The game lasted 00:06:47 (2746 turns).

Gadfly the Chiller (Deep Elf Ice Elementalist)      Turns: 2746, Time: 00:06:48

Health: -5/29      AC:  3    Str:  5    XL:     5   Next: 15%
Magic:  10/13      EV: 13    Int: 21    God:
Gold:   79         SH:  4    Dex: 15    Spells: 2/12 levels left

rFire    . . .     SeeInvis .   f - +0 whip
rCold    . . .     Gourm    .   (no shield)
rNeg     . . .     Faith    .   a - +0 robe
rPois    .         Spirit   .   (no helmet)
rElec    .         Reflect  +   (no cloak)
rCorr    .         Harm     .   (no gloves)
MR       .....                  g - +0 pair of boots
Stlth    ++........             l - +4 amulet of reflection
HPRegen  0.09/turn              (no ring)
MPRegen  0.13/turn              (no ring)

@: no status effects
A: no striking features
a: no special abilities


You were on level 3 of the Dungeon.
You were not hungry.

You visited 1 branch of the dungeon, and saw 3 of its levels.

You collected 79 gold pieces.

Inventory:

Hand Weapons
 f - a +0 whip (weapon)
Armour
 a - a +0 robe (worn)
 g - a +0 pair of boots (worn)
Jewellery
 l - a +4 amulet of reflection (around neck)
Scrolls
 e - a scroll of amnesia
 h - a scroll of identify
 j - 2 scrolls of remove curse {unknown}
 m - a scroll of enchant weapon {unknown}
Potions
 b - 2 potions of curing {unknown}
 d - a potion of haste
 i - a potion of agility {unknown}
 k - a potion of berserk rage {unknown}
Comestibles
 c - 6 rations


   Skills:
 + Level 1.4 Fighting
 - Level 2.4 Dodging
 - Level 2.4 Stealth
 + Level 4.3 Spellcasting
 * Level 2.7 Conjurations
 * Level 4.6 Ice Magic


You had 2 spell levels left.
You knew the following spells:

 Your Spells              Type           Power        Failure   Level  Hunger
a - Freeze                Ice            ###.         1%          1    None
b - Throw Frost           Conj/Ice       ###...       3%          2    #......
c - Ozocubu's Armour      Chrm/Ice       ##......     13%         3    ##.....
d - Throw Icicle          Conj/Ice       ###.....     26%         4    ####...

Your spell library contained the following spells:

 Spells                   Type           Power        Failure   Level  Hunger
 Summon Ice Beast         Ice/Summ       ##......     41%         4    ####...


Dungeon Overview and Level Annotations

Branches:
Dungeon (3/15)

Altars:
Makhleb


Message History

Confirm with . or Enter, or press ? or * to list all spells.
Aiming: Freeze (safe; 1% risk of failure)
Press: ? - help, Shift-Dir - straight line, f/p - orc priest
Aim: an orc priest, wielding a -2 flail and wearing a +0 ring mail (heavily wounded)
You freeze the orc priest.
The orc priest is severely wounded.
The orc shouts!
Casting: Freeze (safe; 1% risk of failure)
Confirm with . or Enter, or press ? or * to list all spells.
Aiming: Freeze (safe; 1% risk of failure)
Press: ? - help, Shift-Dir - straight line, f/p - orc priest
Aim: an orc priest, wielding a -2 flail and wearing a +0 ring mail (severely wounded)
You freeze the orc priest.
The orc priest is almost dead.
The orc priest mumbles some strange prayers to Beogh against you.
Pain shoots through your body!
* * * LOW HITPOINT WARNING * * *
The orc priest mumbles some strange prayers to Beogh against you.
Beogh smites you!
You die...

##...#......#####...######..
..........#.....'...'.......
.#.........####...#######.
##........+......#
#........######.#
##.##+#...# #.# #..#.#.#.#
#.# ##.#.#.#.# #.#
###...#@#.#####.#
+.....#o#.......#
###....o.........
#.#.#.####.o. #.#.#.#
#.#>#.# #...#.. #######


You could see an orc priest and an orc.

Vanquished Creatures
  An ogre (D:2)
  A worker ant zombie (D:2)
  2 adders
  3 oozes
  3 dart slugs
  An orc (D:3)
  A giant cockroach (D:1)
  3 goblins
  2 hobgoblins
  3 kobolds
  3 bats (D:1)
  5 frilled lizards
  4 rats
32 creatures vanquished.

Notes
Turn   | Place    | Note
-------+----------+-------------------------------------------
     0 | D:1      | Gadfly the Deep Elf Ice Elementalist began the quest for
                  | the Orb.
     0 | D:1      | Reached XP level 1. HP: 10/10 MP: 6/6
   408 | D:1      | Reached XP level 2. HP: 16/16 MP: 5/8
   415 | D:1      | Learned a level 2 spell: Throw Frost
  1389 | D:2      | Reached XP level 3. HP: 19/20 MP: 10/10
  1778 | D:2      | Noticed an ogre
  1785 | D:2      | Learned a level 3 spell: Ozocubu's Armour
  1858 | D:2      | Killed an ogre
  1858 | D:2      | Reached skill level 1 in Fighting
  1858 | D:2      | Reached XP level 4. HP: 23/25 MP: 0/12
  1893 | D:2      | Learned a level 4 spell: Throw Icicle
  1953 | D:2      | Found a burning altar of Makhleb.
  2182 | D:2      | Reached XP level 5. HP: 20/29 MP: 10/13
  2746 | D:3      | Killed from afar by an orc priest

Skill      XL: |  1  2  3 |
---------------+----------+-----
Ice Magic      | 4 |  4.6
Fighting       | 1 |  1.4
Spellcasting   | 4 |  4.3
Conjurations   | 2 |  2.7
Dodging        | |  2.4
Stealth        | |  2.4

Action                   |  1- 3 |  4- 6 || total
-------------------------+-------+-------++-------
Melee: Unarmed           |    24 |       ||    24
       Whip              |    52 |    37 ||    89
 Cast: Freeze            |    11 |    11 ||    22
       Throw Frost       |     9 |     4 ||    13
       Ozocubu's Armour  |     3 |       ||     3
  Use: Scroll            |     3 |       ||     3
       Potion            |     1 |     1 ||     2
 Stab: Sleeping          |     3 |       ||     3
       Distracted        |       |     1 ||     1
  Eat: Chunk             |     2 |     4 ||     6
Armor: Robe              |    16 |     2 ||    18
Dodge: Dodged            |    58 |    25 ||    83
Block: Other             |     2 |     5 ||     7
